 Dungeon Crawl Stone Soup version 0.30-a0-135-g630cfc4551 (webtiles) character file.

Game seed: 13094620043726254435

161 Orsonium the Covered (level 5, 0/42 HPs)
             Began as a Human Fighter on Sept 20, 2022.
             Was a Believer of Qazlal.
             Constricted to death by a ball python (1 damage)
             ... in a sewer.
             The game lasted 00:04:08 (2465 turns).

Orsonium the Covered (Human Fighter)                Turns: 2465, Time: 00:04:08

Health: 0/42       AC:  7    Str: 19    XL:     5   Next: 70%
Magic:  5/5        EV:  6    Int:  8    God:    Qazlal [**....]
Gold:   52         SH:  7    Dex: 12    Spells: 4/4 levels left

rFire   + . .      SeeInvis .    a - +0 trident
rCold   . . .      Faith    +    c - +0 buckler
rNeg    . . .      Spirit   .    b - +0 scale mail
rPois   .          Reflect  .    (no helmet)
rElec   .          Harm     .    (no cloak)
rCorr   .          Rampage  .    (no gloves)
Will    .....                    (no boots)
Stlth   ..........               h - amulet of faith
HPRegen 0.14/turn                l - ring of protection from fire
MPRegen 0.09/turn                (no ring)

@: constricted
A: no striking features
a: Renounce Religion, Upheaval


You were in a sewer.
You worshipped Qazlal.
Qazlal was pleased with you.
You visited 1 branch of the dungeon, and saw 3 of its levels.
You also visited: Sewer.

You collected 52 gold pieces.

Inventory:

Hand Weapons
 a - a +0 trident (weapon)
Armour
 b - a +0 scale mail (worn)
 c - a +0 buckler (worn)
Jewellery
 h - an amulet of faith (around neck)
 l - a ring of protection from fire (left hand)
Scrolls
 e - a scroll of vulnerability {unknown}
 f - 3 scrolls of teleportation {unknown}
 g - 2 scrolls of identify {unknown}
Potions
 d - a potion of might
 i - 2 potions of curing {unknown}
 j - 3 potions of magic {unknown}
 k - 2 potions of heal wounds {unknown}


   Skills:
 + Level 3.7 Fighting
 + Level 3.1 Polearms
 + Level 4.0 Armour
 + Level 0.6 Dodging
 + Level 0.7 Stealth
 + Level 3.8 Shields


You had 4 spell levels left.
You didn't know any spells.
Your spell library contained the following spells:

 Spells                   Type           Power      Damage    Failure   Level
 Foxfire                  Conj/Fire      0%         2x1d4     86%         1
 Inner Flame              Hex/Fire       0%         N/A       99%         3
 Kindle Blastsparks       Fire/Tloc/Air  0%         2d10      99%         3
 Flame Wave               Conj/Fire      0%         2d4       100%        4


Dungeon Overview and Level Annotations

Branches:
Dungeon (3/15)              Sewer (1/1)

Altars:
Qazlal

Shops:
D:2 [


Message History

The ball python bites you but does no damage. x2
The ball python constricts you.
* * * LOW HITPOINT WARNING * * *
The adder barely misses you. The ball python bites you.
* * * LOW HITPOINT WARNING * * *
The adder bites you but does no damage.
The ball python bites you but does no damage.
You closely miss the adder.
You feel sick.
You are no longer poisoned.
You block the ball python's attack.
The ball python bites you but does no damage.
The ball python constricts you. You block the adder's attack.
The adder barely misses you. The ball python barely misses you.
You block the ball python's attack.
You puncture the adder!
You kill the adder!
Qazlal accepts your kill. The ball python bites you.
* * * LOW HITPOINT WARNING * * *
The ball python bites you but does no damage.
The ball python constricts you. The adder bites you but does no damage.
The ball python barely misses you. x2; You block the ball python's attack. x2
The ball python constricts you. You block the adder's attack.
Your Armour skill increases to level 4!
You miss the adder.
The ball python bites you but does no damage.
You block the ball python's attack. x2; The ball python constricts you.
You block the ball python's attack. The rat bites you but does no damage.
The adder bites you but does no damage. The ball python closely misses you.
The ball python bites you but does no damage.
You closely miss the adder. The ball python bites you.
* * * LOW HITPOINT WARNING * * *
You block the ball python's attack. The ball python constricts you.
The adder bites you but does no damage. The rat bites you but does no damage.
The ball python closely misses you. The ball python bites you.
* * * LOW HITPOINT WARNING * * *
The ball python bites you but does no damage.
The adder barely misses you. The ball python closely misses you.
The ball python constricts you.
You die...

...~≈≈≈~.......#
...≈≈≈~≈.......#
#..~≈≈≈.......##
##..≈≈~.......#
##..~~~......##
#...≈~.......####
....~~......###∩#
....~~SSS...###.#
....~~r@S....#..#
....≈~S§.......##
....≈~........##
....~≈.......##
....≈≈~......##
....≈≈~~......#
#..~~≈≈~......##
#..≈≈≈≈≈....#..#
.≈≈≈≈~...###.#


You could see an adder, 4 ball pythons and a rat.

Vanquished Creatures
  A kobold brigand (Sewer)
  An adder (Sewer)
  3 gnolls (D:2)
  2 river rats (Sewer)
  A worm (D:3)
  2 endoplasms (D:1)
  2 giant cockroaches
  4 goblins
  2 hobgoblins (D:1)
  2 jackals (D:1)
  5 quokkas
  A ball python (D:2)
  2 bats (D:1)
  A frilled lizard (D:1)
  7 kobolds (Sewer)
  8 rats
44 creatures vanquished.

Notes
Turn   | Place    | Note
-------+----------+-------------------------------------------
     0 | D:1      | Orsonium the Human Fighter began the quest for the Orb.
     0 | D:1      | Reached XP level 1. HP: 18/18 MP: 1/1
   155 | D:1      | Found a faded altar of an unknown god.
   171 | D:1      | Prayed at the altar of an unknown god.
   171 | D:1      | Became a worshipper of Qazlal Stormbringer
   171 | D:1      | Reached * piety under Qazlal
   258 | D:1      | Reached XP level 2. HP: 22/24 MP: 2/2
  1066 | D:2      | Reached XP level 3. HP: 19/29 MP: 3/3
  1452 | D:2      | Reached XP level 4. HP: 35/35 MP: 4/4
  1495 | D:2      | Found Xaici's Antique Armour Shop.
  1775 | D:3      | Found a glowing drain.
  1793 | Sewer    | Entered a sewer
  1890 | Sewer    | Reached ** piety under Qazlal
  2314 | Sewer    | Noticed a kobold brigand
  2326 | Sewer    | Killed a kobold brigand
  2327 | Sewer    | Reached XP level 5. HP: 29/42 MP: 5/5
  2464 | Sewer    | Reached skill level 4 in Armour
  2465 | Sewer    | HP: 1/42 [ball python (3)]
  2465 | Sewer    | Constricted to death by a ball python

Illustrated notes

Levels and vault maps discovered:
D:1:      sevenhm_arrival_forest_fort_small_3, layout_loops_ring,
          hellmonk_ecumenical_altar_slurped_away
D:2:      layout_loops_corners, serial_shops, nicolae_shop_behind_doors,
          lightli_corner_chamber
D:3:      layout_basic, cheibrodos_sewer_entry_bend
Sewer:    sewer_minmay_treatment

Skill      XL: |  1  2  3  4  5 |
---------------+----------------+-----
Polearms       | 3 |  3.1
Armour         | 4 |  4.0
Fighting       | |  3.7
Dodging        | |  0.6
Stealth        | |  0.7
Shields        | |  3.8

Action                   |  1- 3 |  4- 6 || total
-------------------------+-------+-------++-------
Melee: Trident           |    55 |    78 ||   133
Armor: Scale mail        |    45 |    68 ||   113
Dodge: Dodged            |    32 |    54 ||    86
Block: Buckler           |    16 |    52 ||    68

Table legend: (Time is in decaauts)
 A = Elapsed time spent in this place.
 B = Non-inter-level travel time spent in this place.
 C = Inter-level travel time spent in this place.
 D = Time resting spent in this place.
 E = Time spent auto-exploring this place.
 F = Levels seen in this place.
 G = Mean time per level.
                   A        B        C        D        E       F      G
               +--------+--------+--------+--------+--------+-----+--------+
         Total |   2497 |   2480 |     17 |    745 |   1205 |   4 |  624.2 |
       Dungeon |   1812 |   1795 |     17 |    411 |   1016 |   3 |  604.0 |
         Sewer |    684 |    684 |      0 |    334 |    189 |   1 |  684.0 |
               +--------+--------+--------+--------+--------+-----+--------+

Top non-repeatable levels by time:
     D:1: 1070 daAuts
   Sewer: 684 daAuts
     D:2: 625 daAuts
     D:3: 116 daAuts
